 Dungeon Crawl Stone Soup version 0.24-a0-375-g4de66ed42b (webtiles) character file.

Game seed: 4932891732585445420

367 Nautrax the Skirmisher (level 6, -1/56 HPs)
             Began as a Minotaur Abyssal Knight on May 31, 2019.
             Was a Priest of Lugonu.
             Slain by a scorpion (3 damage)
             ... on level 4 of the Dungeon.
             The game lasted 00:18:21 (3196 turns).

Nautrax the Skirmisher (Minotaur Abyssal Knight)    Turns: 3196, Time: 00:18:21

Health: -1/56      AC:  4    Str: 19    XL:     6   Next: 41%
Magic:  7/7        EV: 16    Int: 14    God:    Lugonu [***...]
Gold:   248        SH:  0    Dex: 12    Spells: 5/5 levels left

rFire    . . .     SeeInvis .   a - +2 spear
rCold    . . .     Gourm    .   (no shield)
rNeg     . . .     Faith    .   b - +1 leather armour
rPois    .         Spirit   .   (helmet restricted)
rElec    .         Reflect  .   (no cloak)
rCorr    .         Harm     +   (no gloves)
MR       .....                  (no boots)
Stlth    +.........             o - amulet of harm
HPRegen  0.18/turn              n - +3 ring of dexterity
MPRegen  0.10/turn              k - +3 ring of evasion

@: brilliant, flying
A: retaliatory headbutt, horns 2
a: Depart the Abyss, Bend Space, Banish, Renounce Religion


You were on level 4 of the Dungeon.
You worshipped Lugonu.
Lugonu was most pleased with you.
You were not hungry.

You visited 1 branch of the dungeon, and saw 5 of its levels.
You visited the Abyss 1 time.

You collected 248 gold pieces.

Inventory:

Hand Weapons
 a - a +2 spear (weapon)
Armour
 b - a +1 leather armour (worn)
Jewellery
 k - a +3 ring of evasion (right hand)
 n - a +3 ring of dexterity (left hand)
 o - an amulet of harm (around neck)
 s - an uncursed amulet of the acrobat
Scrolls
 e - 7 scrolls of teleportation
 f - 2 scrolls of identify
 h - 2 scrolls of remove curse
 q - a scroll of fog {unknown}
 r - a scroll of enchant armour
Potions
 i - a potion of berserk rage {unknown}
 j - a potion of ambrosia {unknown}
 l - 2 potions of brilliance
 p - a potion of invisibility
Comestibles
 c - 10 rations
 g - 5 chunks of flesh


   Skills:
 + Level 5.2 Fighting
 + Level 4.3 Polearms
 + Level 4.1 Armour
 + Level 3.1 Dodging
 + Level 3.3 Invocations


You had 5 spell levels left.
You didn't know any spells.
Your spell library contained the following spells:

 Spells                   Type           Power        Failure   Level  Hunger
 Confusing Touch          Hex            #.....       4%          1    ##.....
 Confuse                  Hex            #.......     11%         3    ####...
 Gell's Gravitas          Tloc           #.........   11%         3    ####...
 Petrify                  Tmut/Erth      #.......     30%         4    #####..
 Metabolic Englaciation   Hex/Ice        #.........   61%         5    ######.
 Yara's Violent Unravell  Hex/Tmut       #.........   61%         5    ######.


Dungeon Overview and Level Annotations

Branches:
Dungeon (5/15)             Temple (0/1) D:4

Altars:
Wu Jian
Xom


Innate Abilities, Weirdness & Mutations

You reflexively headbutt those who attack you in melee.
You have a pair of horns on your head.


Message History

It was a potion of flight.
You feel very buoyant.
You fly up into the air.
* * * LOW HITPOINT WARNING * * *
You feel sick. The scorpion misses you.
The phantom blinks!
It was a potion of brilliance.
You feel clever all of a sudden.
* * * LOW HITPOINT WARNING * * *
You feel sick. The scorpion closely misses you.
It was a potion of curing.
You feel better.
The scorpion stings you but does no damage.
The phantom hits you but does no damage.
You hit the phantom.
The phantom is lightly damaged.
The scorpion stings you but does no damage.
The phantom hits you!
* * * LOW HITPOINT WARNING * * *
The phantom blinks!
The scorpion stings you.
You die...

..<....................#.#.#
##.......##.####..#........#
##.....###....#....<..#..##
##...## #.##.##.#.####..#
##.## #.##.##.#.##....#
###.# #.......#.##.##.#
##...## ##.....##.#.#.#.#
##.....## #.....##..###..#
#.......# #..ยง>@##.## ##.##
#.......# #W...s#.## ##.#
#.......# ########.## ##.##
##.....## ##.###.## ##...##
##.#.## ##.#### ##.##
#.....# #.# ##.##.#
##########.#
####.#####..........#


You could see a phantom and a scorpion.

Vanquished Creatures
  An ogre (D:4)
  An orc priest (D:3)
  2 worker ants (D:4)
  A hound skeleton (D:4)
  4 gnolls (D:4)
  7 adders
  A howler monkey skeleton (D:4)
  An ooze (D:3)
  A dart slug (D:2)
  4 leopard geckos
  9 orcs
  A ball python (D:1)
  3 bats
  4 giant cockroaches
  8 goblins
  6 hobgoblins
  A quokka (D:2)
  3 frilled lizards (D:2)
  5 kobolds
  A leopard gecko zombie (D:5)
  6 rats
70 creatures vanquished.

Notes
Turn   | Place    | Note
-------+----------+-------------------------------------------
     0 | Abyss:1  | Nautrax the Minotaur Abyssal Knight began the quest for the
                  | Orb.
     0 | Abyss:1  | Reached XP level 1. HP: 19/19 MP: 1/1
    45 | D:1      | Escaped the Abyss
   265 | D:1      | Reached skill level 4 in Fighting
   335 | D:1      | Reached XP level 2. HP: 25/27 MP: 2/2
   968 | D:2      | Reached XP level 3. HP: 28/33 MP: 3/3
   986 | D:2      | Reached ** piety under Lugonu
  1092 | D:2      | Found a faded altar of an unknown god.
  1339 | D:2      | Found an ornate altar of the Wu Jian Council.
  1339 | D:2      | Found a shimmering altar of Xom.
  1511 | D:2      | Reached XP level 4. HP: 41/41 MP: 4/4
  1838 | D:3      | Reached XP level 5. HP: 13/47 MP: 4/6
  2364 | D:4      | Found a staircase to the Ecumenical Temple.
  2774 | D:4      | Noticed an ogre
  2781 | D:4      | Killed an ogre
  2781 | D:4      | Reached skill level 5 in Fighting
  2781 | D:4      | Reached XP level 6. HP: 49/56 MP: 7/7
  2977 | D:4      | Reached *** piety under Lugonu
  3174 | D:5      | Entered Level 5 of the Dungeon
  3195 | D:4      | HP: 2/56 [phantom (9)]
  3196 | D:4      | Slain by a scorpion

Levels and vault maps discovered:
D:1:      scummos_arrival_gate, layout_loops_ring
D:2:      layout_loops_ring, gammafunk_temple_overflow_statue,
          chequers_ecumenical_altar_grove
D:3:      layout_rooms, serial_corexii_hall, corexii_hall_statues_deadend,
          corexii_hall_statues_i
D:4:      layout_loops_cross, temple_fountains, first_ration,
          minmay_quadrilaterals
D:5:      layout_cave_pools, biasface_ghost_orc_armoury,
          cheibrodos_sewer_entry_drain

Skill      XL: |  1  2  3  4  5  6 |
---------------+-------------------+-----
Fighting       | 4 5 |  5.2
Invocations    | 2 3 |  3.3
Polearms       | 3 4 |  4.3
Armour         | 3 4 |  4.1
Dodging        | 2 3 |  3.1

Action                   |  1- 3 |  4- 6 || total
-------------------------+-------+-------++-------
Melee: Spear             |    84 |   102 ||   186
       Headbutt          |     6 |    16 ||    22
  Use: Scroll            |       |    11 ||    11
       Potion            |       |     3 ||     3
 Stab: Distracted        |       |     1 ||     1
  Eat: Chunk             |     2 |     5 ||     7
Armor: Leather armour    |     9 |    15 ||    24
Dodge: Dodged            |    30 |    56 ||    86

Table legend:
 A = Non-vault XP
 B = Vault XP
 C = Vault XP percentage of total XP
 D = Non-vault monster count
 E = Vault monster count
 F = Vault count percentage of total count
                 A         B        C        D         E       F
            +---------+---------+-------+---------+---------+-------
      Total |     502 |      23 |   4.4 |      67 |       3 |   4.3
            +---------+---------+-------+---------+---------+-------
        D:1 |      23 |       0 |   0.0 |      12 |       0 |   0.0
        D:2 |      78 |       0 |   0.0 |      24 |       0 |   0.0
        D:3 |     133 |       0 |   0.0 |      20 |       0 |   0.0
        D:4 |     264 |      23 |   8.0 |       9 |       3 |  25.0
        D:5 |       4 |       0 |   0.0 |       2 |       0 |   0.0
            +---------+---------+-------+---------+---------+-------
